 Dungeon Crawl Stone Soup version 0.22-a0-303-g4a852b3 (webtiles) character file.

18 Amnesiac the Gusty (level 2, -5/16 HPs)
             Began as a Tengu Air Elementalist on Mar 27, 2018.
             Was an Initiate of Ashenzari.
             Slain by a worm (12 damage)
             ... on level 2 of the Dungeon.
             The game lasted 00:01:20 (1011 turns).

Amnesiac the Gusty (Tengu Air Elementalist)         Turns: 1011, Time: 00:01:20

Health: -5/16      AC:  2    Str:  8    XL:     2   Next: 70%
Magic:  1/6        EV: 13    Int: 15    God:    Ashenzari [......]
Gold:   43         SH:  0    Dex: 14    Spells: 2/5 levels left

rFire    . . .     SeeInvis .   (no weapon)
rCold    . . .     Gourm    .   (no shield)
rNeg     . . .     Faith    .   a - +0 robe
rPois    .         Spirit   .   (helmet restricted)
rElec    .         Reflect  .   (no cloak)
rCorr    .         Harm     .   (no gloves)
MR       .....                  (boots unavailable)
Stlth    ++........             (no amulet)
HPRegen  0.05/turn              (no ring)
MPRegen  0.10/turn              (no ring)

@: no status effects
A: beak, talons 3
a: Curse Item, Renounce Religion


You were on level 2 of the Dungeon.
You worshipped Ashenzari.
Ashenzari was noncommittal.
You were not hungry.

You visited 1 branch of the dungeon, and saw 2 of its levels.

You collected 43 gold pieces.

Inventory:

Armour
 a - a +0 robe (worn)
Scrolls
 b - a scroll of teleportation {!r, unknown}
 h - a scroll of remove curse {!r}
Potions
 d - 3 potions of haste {!q, unknown}
 e - a potion of heal wounds {!q, unknown}
 g - a potion of curing {!q, unknown}
Comestibles
 c - 2 rations


   Skills:
 + Level 0.7 Fighting
 * Level 2.7 Dodging
 - Level 2.0 Stealth
 + Level 2.1 Spellcasting
 - Level 1.3 Conjurations
 * Level 4.4 Air Magic


You had 2 spell levels left.
You knew the following spells:

 Your Spells              Type           Power        Failure   Level  Hunger
a - Shock                 Conj/Air       ##..         7%          1    #......
b - Swiftness             Chrm/Air       #.......     13%         2    ###....


Dungeon Overview and Level Annotations

Branches:
Dungeon (2/15)

Altars:
Ashenzari


Innate Abilities, Weirdness & Mutations

You have a beak for a mouth.
You have claws for feet.


Message History

You miscast Shock.
You are very lightly contaminated with residual magic.
Sparks of electricity dance between your hands.
Casting: Shock (safe; 7% risk of failure)
Confirm with . or Enter, or press ? or * to list all spells.
Aiming: Shock (safe; 7% risk of failure)
Press: ? - help, Shift-Dir - straight line, f/p - worm
Aim: a worm The zap hits the worm.
The worm is moderately wounded.
Casting: Shock (safe; 7% risk of failure)
Confirm with . or Enter, or press ? or * to list all spells.
Aiming: Shock (safe; 7% risk of failure)
Press: ? - help, Shift-Dir - straight line, f/p - worm
Aim: a worm (lightly wounded)
The zap hits the worm.
The worm is moderately wounded.
You see here a bat corpse.
You butcher the bat corpse.
You see here a chunk of flesh.
Eat a chunk of flesh? (ye/n/q)
You eat the chunk of flesh.
This raw flesh tastes terrible.
Casting: Shock (safe; 7% risk of failure)
Confirm with . or Enter, or press ? or * to list all spells.
Aiming: Shock (safe; 7% risk of failure)
Press: ? - help, Shift-Dir - straight line, f/p - worm
Aim: a worm The zap hits the worm.
The worm is moderately wounded.
The zap hits the worm.
The worm is moderately wounded.
Casting: Shock (safe; 7% risk of failure)
Confirm with . or Enter, or press ? or * to list all spells.
Aiming: Shock (safe; 7% risk of failure)
Press: ? - help, Shift-Dir - straight line, f/p - worm
Aim: a worm (moderately wounded)
The zap hits the worm.
The worm is heavily wounded.
The zap hits the worm.
The worm is heavily wounded.
The worm closely misses you.
Casting: Shock (safe; 7% risk of failure)
Confirm with . or Enter, or press ? or * to list all spells.
Aiming: Shock (safe; 7% risk of failure)
Press: ? - help, Shift-Dir - straight line, f/p - worm
Aim: a worm (heavily wounded)
The zap hits the worm.
The worm is heavily wounded.
The zap hits the worm.
The worm is almost dead.
The worm bites you!
Ouch! That really hurt!
* * * LOW HITPOINT WARNING * * *
Casting: Shock (safe; 7% risk of failure)
Confirm with . or Enter, or press ? or * to list all spells.
You don't have enough magic to cast that spell.
You barely miss the worm.
The worm is severely wounded.
An adder comes into view.
The adder hisses angrily.
Your magical contamination has completely faded away.
The worm bites you!
Ouch! That really hurt!
You die...

#........#
#........#
.........#
#......$.#
.........# #......#
#.....S#
#......########
#.....w@.......
###.#......########
#...........#
#...........#
#...........#
............#
..$...#####.#
.$.... #.# .....#
#.#


You could see a worm and an adder.

Vanquished Creatures
  A leopard gecko (D:1)
  5 goblins (D:1)
  A hobgoblin (D:2)
  3 bats
  A frilled lizard (D:1)
  3 kobolds (D:1)
  2 rats (D:1)
16 creatures vanquished.

Notes
Turn   | Place    | Note
-------+----------+-------------------------------------------
     0 | D:1      | Amnesiac the Tengu Air Elementalist began the quest for the Orb.
     0 | D:1      | Reached XP level 1. HP: 10/10 MP: 4/4
   333 | D:1      | Reached XP level 2. HP: 15/15 MP: 1/6
   419 | D:1      | Found a shattered altar of Ashenzari.
   433 | D:1      | Learned a level 2 spell: Swiftness
   514 | D:1      | Became a worshipper of Ashenzari the Shackled
  1011 | D:2      | Slain by a worm

Vault maps used:
D:1:      erik_arrival_triangle_medium, ashenzari_altar_1

Action                   || total
-------------------------++-------
Melee: Unarmed           ||     1
 Cast: Shock             ||    32
  Eat: Chunk             ||     1
Dodge: Dodged            ||     1

Table legend:
 A = Spawn XP
 B = Non-spawn XP
 C = Spawn XP percentage of total XP
 D = Spawn monster count
 E = Non-spawn monster count
 F = Spawn count percentage of total count
 G = Total turns spent on level
                    A         B        C        D         E        F      G
               +---------+---------+-------+---------+---------+-------+---------
         Total |       0 |      27 |   0.0 |       0 |      16 |   0.0 |  1011
               +---------+---------+-------+---------+---------+-------+---------
           D:1 |       0 |      23 |   0.0 |       0 |      14 |   0.0 |   911
           D:2 |       0 |       4 |   0.0 |       0 |       2 |   0.0 |   100
               +---------+---------+-------+---------+---------+-------+---------
